 Dungeon Crawl Stone Soup version 0.29.0-4-gdea44cf6ec (webtiles) character file.

Game seed: 4687074697018145189

1007 qw the Cleaver (level 8, -7/48 HPs)
             Began as a Tengu Warper on Aug 28, 2022.
             Killed from afar by a steam dragon (12 damage)
             ... with a ball of steam
             ... on level 6 of the Dungeon.
             The game lasted 00:00:35 (5978 turns).

qw the Cleaver (Tengu Warper)                       Turns: 5978, Time: 00:00:35

Health: -7/48      AC: 15    Str: 19    XL:     8   Next: 20%
Magic:  12/12      EV:  7    Int: 14    God:
Gold:   264        SH:  5    Dex: 14    Spells: 11/11 levels left

rFire   . . .      SeeInvis .   j - +0 war axe
rCold   . . .      Faith    .   (no shield)
rNeg    . . .      Spirit   .   h - +0 plate armour
rPois   .          Reflect  +   (helmet restricted)
rElec   .          Harm     .   (no cloak)
rCorr   .          Rampage  .   (no gloves)
Will    .....                   (boots unavailable)
Stlth   ..........              a - amulet of reflection
HPRegen 0.16/turn               e - +4 ring of protection
MPRegen 0.13/turn               l - +6 ring of strength

@: about to teleport, flying quickly and evasively, quick
A: beak, talons 3, nimble flight
a: no special abilities


You were on level 6 of the Dungeon.
You visited 1 branch of the dungeon, and saw 6 of its levels.

You collected 264 gold pieces.


Innate Abilities, Weirdness & Mutations

You have a beak for a mouth.
You have claws for feet.
Your magical nature lets you fly swiftly and evasively.


   Skills:
 + Level 3.7 Fighting
 - Level 9.0 Axes
 - Level 2.0 Throwing
 - Level 3.0 Armour
 - Level 2.1 Dodging
 - Level 2.0 Spellcasting
 - Level 2.4 Translocations


You had 11 spell levels left.
You didn't know any spells.
Your spell library contained the following spells:

 Spells                   Type           Power      Damage    Failure   Level
 Blink                    Tloc           16%        N/A       99%         2
 Gell's Gravitas          Tloc           8%         N/A       100%        3
 Lesser Beckoning         Tloc           8%         N/A       100%        3
 Teleport Other           Tloc           8%         N/A       100%        3
 Manifold Assault         Tloc           8%         N/A       100%        5

Inventory:

Hand Weapons
 i - a +0 morningstar
 j - a +0 war axe (weapon)
Missiles
 n - 3 javelins (quivered)
 o - 2 boomerangs
Armour
 h - a +0 plate armour (worn)
Jewellery
 a - an amulet of reflection (around neck)
 e - a +4 ring of protection (left hand)
 l - a +6 ring of strength (right hand)
Scrolls
 b - a scroll of identify
Potions
 c - a potion of curing
 g - a potion of resistance {unknown}
 k - a potion of invisibility {unknown}
 m - a potion of haste {unknown}
 p - a potion of mutation {unknown}

Dungeon Overview and Level Annotations

Branches:
Dungeon (6/15)
 Temple: D:4-7

Altars:
Cheibriados
Dithmenos
Elyvilon
Fedhas
Hepliaklqana
Makhleb
Ru
Vehumet
Wu Jian


Message History

The ball of steam hits you!
Something shouts, "Return whence thou came, thou jarring lightweight foot-licker!"
You closely miss the steam dragon. Your kick misses the steam dragon.
The steam dragon is lightly wounded.
You are engulfed in a cloud of scalding steam.
The steam dragon bites you but does no damage.
The steam dragon closely misses you.
You closely miss the steam dragon.
You claw the steam dragon, but do no damage.
Your peck misses the steam dragon.
The steam dragon is lightly wounded.
You are engulfed in a cloud of scalding steam.
You block the steam dragon's attack.
The steam dragon claws you but does no damage.
You closely miss the steam dragon.
You claw the steam dragon, but do no damage.
You peck the steam dragon, but do no damage.
The steam dragon is lightly wounded.
You are engulfed in a cloud of scalding steam.
The steam dragon bites you but does no damage.
The steam dragon claws you.
5976 ||| READING scroll of teleportation.
As you read the scroll of teleportation, it crumbles to dust.
You feel strangely unstable.
You are engulfed in a cloud of scalding steam.
The steam dragon breathes steam at you. The ball of steam hits you.
You slash the steam dragon! Your kick misses the steam dragon.
Your peck misses the steam dragon.
The steam dragon is heavily wounded.
The steam dragon bites you but does no damage.
The steam dragon claws you.
The steam dragon bites you but does no damage.
The steam dragon closely misses you.
A white imp comes into view.
You closely miss the steam dragon. You claw the steam dragon!
The steam dragon is severely wounded.
The steam dragon breathes steam at you. The ball of steam hits you!
You die...

####### ####.....#
#.......## #.......# ##
#####+##..#######
..##..##..##.##..#....#.
......D@..ยค.............
......)...#######.<%....
####..##### #####...
..... ###... .5#.. #..[..
. ##. #..... # #.#...
#.#### #.#


You could see a steam dragon (catching breath) and a white imp.

Vanquished Creatures
  2 black bears (D:5)
  A phantom (D:4)
  A gnoll sergeant (D:4)
  A scorpion (D:5)
  A howler monkey (D:4)
  4 orc priests
  A jelly (D:4)
  A hound (D:5)
  2 iguanas (D:5)
  2 orc wizards
  7 gnolls
  5 adders
  2 river rats (D:5)
  A shadow imp (D:5)
  2 ufetubi
  5 worms
  A dart slug (D:1)
  9 orcs
  9 bats
  10 endoplasms
  7 giant cockroaches
  4 goblins
  3 hobgoblins (D:1)
  2 jackals (D:2)
  4 quokkas
  A ball python (D:1)
  4 frilled lizards
  12 kobolds
  8 rats
112 creatures vanquished.

Vanquished Creatures (others)
  A kobold brigand (D:5)
  A plant (D:1)
2 creatures vanquished.

Grand Total: 114 creatures vanquished

Notes
Turn   | Place    | Note
-------+----------+-------------------------------------------
     0 | D:1      | qw the Tengu Warper began the quest for the Orb.
     0 | D:1      | Reached XP level 1. HP: 12/12 MP: 4/4
     0 | D:1      | 0 ||| qw: Version: 0.1-a-89-g26bdef1
     0 | D:1      | 0 ||| qw: Game counter: 165
     0 | D:1      | 0 ||| qw: Always use a shield: true
     0 | D:1      | 0 ||| qw: God list: Okawaru
     0 | D:1      | 0 ||| qw: Allow faded altars: false
     0 | D:1      | 0 ||| qw: Do Orc after D:15 true
     0 | D:1      | 0 ||| qw: Do second Lair branch before Depths: true
     0 | D:1      | 0 ||| qw: Lair rune preference: random
     0 | D:1      | 0 ||| qw: Plans: Normal
     0 | D:1      | 0 ||| PLANNING D:1-11
     4 | D:1      | Noticed an electric eel
    10 | D:1      | 10 ||| READING scroll labelled DIUBUI YTUWKA.
    11 | D:1      | 11 ||| DROPPING scroll of blinking.
    12 | D:1      | 12 ||| Stepping randomly (stuck).
    17 | D:1      | 17 ||| Stepping randomly (stuck).
    18 | D:1      | 18 ||| Stepping randomly (stuck).
    24 | D:1      | 24 ||| Stepping randomly (stuck).
   301 | D:1      | 301 ||| Stepping ~*~*~tactically~*~*~ (stealth).
   309 | D:1      | Reached XP level 2. HP: 14/17 MP: 6/6
   350 | D:1      | Reached skill level 3 in Axes
   427 | D:1      | 427 ||| Stepping ~*~*~tactically~*~*~ (hiding).
   836 | D:1      | Reached XP level 3. HP: 21/21 MP: 7/7
  1102 | D:1      | Found a faded altar of an unknown god.
  1314 | D:1      | 1314 ||| UPGRADING to +0 chain mail.
  1324 | D:1      | 1324 ||| DROPPING +0 leather armour.
  1325 | D:1      | 1325 ||| UPGRADING to amulet of reflection.
  1330 | D:1      | 1330 ||| READING 3 scrolls labelled VIMITA GANOZUA.
  1335 | D:1      | 1335 ||| READING scroll labelled HIOVAR TEUNICA.
  1336 | D:1      | 1336 ||| READING scroll labelled QONGAR WIUSAE.
  1505 | D:2      | Reached skill level 4 in Axes
  1940 | D:2      | 1940 ||| SWAPPING to +0 war axe.
  1944 | D:2      | 1944 ||| DROPPING +0 hand axe.
  1956 | D:2      | Reached XP level 4. HP: 26/26 MP: 8/8
  1968 | D:2      | 1968 ||| Stepping ~*~*~tactically~*~*~ (stealth).
  1974 | D:2      | 1974 ||| Stepping ~*~*~tactically~*~*~ (stealth).
  1979 | D:2      | 1979 ||| Stepping ~*~*~tactically~*~*~ (stealth).
  2204 | D:2      | 2204 ||| DROPPING scarf of shadows.
  2205 | D:2      | 2205 ||| DROPPING +4 ring mail.
  2206 | D:2      | 2206 ||| DROPPING +6 ring of intelligence.
  2207 | D:2      | 2207 ||| DRINKING 2 fizzy puce potions.
  2312 | D:2      | 2312 ||| DROPPING potion of berserk rage.
  2383 | D:3      | Found a radiant altar of Vehumet.
  2442 | D:3      | Found a white marble altar of Elyvilon.
  2712 | D:3      | Found a shadowy altar of Dithmenos.
  2795 | D:3      | Reached skill level 5 in Axes
  2990 | D:3      | 2990 ||| UPGRADING to +4 ring of protection.
  2991 | D:3      | 2991 ||| DRINKING 2 orange potions.
  3207 | D:4      | Noticed a phantom
  3208 | D:4      | 3208 ||| Stepping ~*~*~tactically~*~*~ (stealth).
  3219 | D:4      | Gained mutation: Your magical nature lets you fly swiftly
                  | and evasively. [Tengu growth]
  3219 | D:4      | Reached XP level 5. HP: 30/30 MP: 9/9
  3230 | D:4      | Killed a phantom
  3231 | D:4      | Reached skill level 6 in Axes
  3266 | D:4      | 3266 ||| FLEEEEING.
  3267 | D:4      | 3267 ||| FLEEEEING.
  3268 | D:4      | 3268 ||| STAIRDANCE
  3414 | D:3      | 3414 ||| DROPPING amulet of magic regeneration.
  3415 | D:3      | 3415 ||| UPGRADING to +6 ring of strength.
  3422 | D:4      | Reached XP level 6. HP: 29/35 MP: 10/10
  3422 | D:4      | 3422 ||| STAIRDANCE
  3500 | D:4      | Found a blossoming altar of Fedhas.
  3500 | D:4      | Found a hazy altar of Hepliaklqana.
  3657 | D:4      | 3657 ||| Stepping ~*~*~tactically~*~*~ (hiding).
  3665 | D:4      | Reached skill level 7 in Axes
  3665 | D:4      | 3665 ||| FLEEEEING.
  3667 | D:4      | 3667 ||| FLEEEEING.
  3668 | D:4      | 3668 ||| FLEEEEING.
  3669 | D:4      | 3669 ||| FLEEEEING.
  3834 | D:4      | 3834 ||| Stepping ~*~*~tactically~*~*~ (stealth).
  3839 | D:4      | 3839 ||| FLEEEEING.
  3840 | D:4      | 3840 ||| FLEEEEING.
  3841 | D:4      | 3841 ||| FLEEEEING.
  3842 | D:4      | 3842 ||| FLEEEEING.
  3843 | D:4      | 3843 ||| FLEEEEING.
  3844 | D:4      | 3844 ||| STAIRDANCE
  4028 | D:3      | 4028 ||| UPGRADING to +0 plate armour.
  4038 | D:3      | 4038 ||| DROPPING +0 chain mail.
  4082 | D:4      | 4082 ||| Stepping ~*~*~tactically~*~*~ (stealth).
  4130 | D:4      | Found a burning altar of Makhleb.
  4438 | D:5      | Entered Level 5 of the Dungeon
  4439 | D:5      | 4439 ||| PLANNING SEWER
  4439 | D:5      | 4439 ||| Stepping ~*~*~tactically~*~*~ (hiding).
  4445 | D:5      | 4445 ||| Stepping ~*~*~tactically~*~*~ (hiding).
  4449 | D:5      | 4449 ||| STAIRDANCE
  4455 | D:4      | HP: 7/36 [gnoll sergeant/+0 spear (7)]
  4456 | D:4      | 4456 ||| READING 2 scrolls of teleportation.
  4457 | D:4      | 4457 ||| DRINKING potion of heal wounds.
  4580 | D:4      | Reached skill level 3 in Fighting
  4580 | D:4      | Reached XP level 7. HP: 29/41 MP: 11/11
  4677 | D:4      | 4677 ||| DROPPING +0 club.
  4698 | D:5      | 4698 ||| FLEEEEING.
  4699 | D:5      | 4699 ||| FLEEEEING.
  4700 | D:5      | 4700 ||| FLEEEEING.
  4701 | D:5      | 4701 ||| FLEEEEING.
  4702 | D:5      | 4702 ||| STAIRDANCE
  4788 | D:5      | 4788 ||| STAIRDANCE
  4857 | D:5      | Reached skill level 3 in Armour
  4938 | D:5      | Found a snail-covered altar of Cheibriados.
  4963 | D:5      | Found a sacrificial altar of Ru.
  5068 | D:5      | 5068 ||| Stepping ~*~*~tactically~*~*~ (stealth).
  5071 | D:5      | 5071 ||| Stepping ~*~*~tactically~*~*~ (stealth).
  5094 | D:5      | HP: 9/41 [poisoned by a kobold brigand]
  5095 | D:5      | 5095 ||| READING 2 scrolls of teleportation.
  5096 | D:5      | HP: 4/41 [poisoned by a kobold brigand]
  5173 | D:5      | 5173 ||| RIP SEWER
  5300 | D:5      | 5300 ||| PLANNING D:1-11
  5300 | D:5      | 5300 ||| Stepping ~*~*~tactically~*~*~ (stealth).
  5301 | D:5      | 5301 ||| Stepping ~*~*~tactically~*~*~ (stealth).
  5302 | D:5      | 5302 ||| Stepping ~*~*~tactically~*~*~ (stealth).
  5403 | D:5      | Reached skill level 8 in Axes
  5426 | D:5      | 5426 ||| DROPPING +0 flail.
  5469 | D:5      | 5469 ||| Stepping ~*~*~tactically~*~*~ (stealth).
  5482 | D:5      | Reached skill level 9 in Axes
  5482 | D:5      | Reached XP level 8. HP: 29/46 MP: 12/12
  5504 | D:5      | 5504 ||| Stepping ~*~*~tactically~*~*~ (stealth).
  5507 | D:5      | 5507 ||| Stepping ~*~*~tactically~*~*~ (stealth).
  5611 | D:5      | Found an ornate altar of the Wu Jian Council.
  5839 | D:5      | 5839 ||| DRINKING 2 fizzy golden potions.
  5865 | D:5      | 5865 ||| READING 2 scrolls of identify.
  5865 | D:5      | 5865 ||| IDENTIFYING emerald potion
  5866 | D:5      | 5866 ||| DROPPING potion of lignification.
  5975 | D:6      | HP: 11/48 [steam dragon] (7)]
  5976 | D:6      | 5976 ||| READING scroll of teleportation.
  5977 | D:6      | HP: 4/48 [steam dragon (3)]
  5978 | D:6      | Killed from afar by a steam dragon

Levels and vault maps discovered:
D:1:      arrival_aquarium_a, layout_loops_ring, serial_forest,
          infiniplex_forest_end_3, infiniplex_forest_clump_curved,
          infiniplex_forest_lined_corner, infiniplex_forest_straight_3,
          infiniplex_forest_end_3, infiniplex_forest_straight_2,
          infiniplex_forest_join, hellmonk_ecumenical_altar_leap_of_faith
D:2:      minmay_diamond_boxcup, layout_rooms
D:3:      layout_basic, nicolae_dithmenos_shadow_blocks,
          mainiacjoe_overflow_six_doors_small, mainiacjoe_overflow_paths
D:4:      layout_cave_pods, mainiacjoe_overflow_24_doors, jmf_multi_god_temple
D:5:      layout_rooms, lemuel_tele_altar,
          mainiacjoe_overflow_concentric_impassable, lemuel_round_altar,
          lightli_sewer_entry_pipes, grunt_ministairs_2
D:6:      kennysheep_housing_project, layout_gridville,
          minmay_temple_entry_waves, gammafunk_ghost_cemetery

Skill      XL: |  1  2  3  4  5  6  7  8 |
---------------+-------------------------+-----
Axes           | 3 4 5 6 7 9 |  9.0
Armour         | 2 3 |  3.0
Fighting       | 3 |  3.7
Throwing       | 2 |  2.0
Dodging        | |  2.1
Spellcasting   | |  2.0
Translocations | |  2.4

Action                   |  1- 3 |  4- 6 |  7- 9 || total
-------------------------+-------+-------+-------++-------
Melee: Hand axe          |    76 |       |       ||    76
       Peck              |    16 |    14 |    11 ||    41
       Kick              |    14 |    22 |    28 ||    64
       War axe           |     4 |    95 |    86 ||   185
Throw: Boomerang         |     7 |       |    19 ||    26
       Javelin           |    14 |    28 |    10 ||    52
  Use: Scroll            |     4 |     1 |     3 ||     8
       Potion            |       |     3 |     1 ||     4
Armor: Leather armour    |    17 |       |       ||    17
       Chain mail        |    11 |    37 |       ||    48
       Plate armour      |       |    11 |    43 ||    54
Dodge: Dodged            |    27 |    35 |    35 ||    97
Block: Other             |     6 |    18 |    27 ||    51
       Reflection        |       |     3 |     4 ||     7

Table legend:
 A = Non-vault XP
 B = Vault XP
 C = Vault XP percentage of total XP
 D = Non-vault monster count
 E = Vault monster count
 F = Vault count percentage of total count
                 A         B        C        D         E       F
            +---------+---------+-------+---------+---------+-------
      Total |    1267 |     172 |  12.0 |      85 |      28 |  24.8
            +---------+---------+-------+---------+---------+-------
        D:1 |      35 |       0 |   0.0 |      21 |       0 |   0.0
        D:2 |      53 |      16 |  23.2 |      15 |       9 |  37.5
        D:3 |      12 |       0 |   0.0 |       5 |       0 |   0.0
        D:4 |     473 |       5 |   1.0 |      22 |       2 |   8.3
        D:5 |     626 |     151 |  19.4 |      17 |      17 |  50.0
        D:6 |      68 |       0 |   0.0 |       5 |       0 |   0.0
            +---------+---------+-------+---------+---------+-------
